 Dungeon Crawl Stone Soup version 0.20.0-15-g7f486f2 (webtiles) character file.

86 theemperora the Grave Robber (level 4, -2/21 HPs)
             Began as a Deep Elf Necromancer on June 9, 2017.
             Was an Initiate of Hepliaklqana.
             Slain by Natasha (5 damage)
             ... on level 3 of the Dungeon.
             The game lasted 00:12:46 (2311 turns).

theemperora the Grave Robber (Deep Elf Necromancer) Turns: 2311, Time: 00:12:47

Health: -2/21      AC:  2    Str:  2 (5)  XL:     4   Next: 26%
Magic:  5/12       EV: 13    Int: 22 (24) God:    Hepliaklqana [......]
Gold:   110        SH:  0    Dex: 13 (15) Spells: 9/11 levels left

rFire    x . .     SeeInvis .   (no weapon)
rCold    + . .     Gourm    .   (no shield)
rNeg     . . .     Faith    .   a - +0 robe
rPois    .         Spirit   .   (no helmet)
rElec    .         Reflect  .   (no cloak)
rCorr    .         Harm     .   (no gloves)
MR       .....                  (no boots)
Stlth    ++........             (no amulet)
Regen    0.1/turn               d - +3 ring of intelligence
MPRegen  0.2/turn               l - ring of ice

@: no status effects
A: reduced essence
a: Recall Ancestor, Ancestor Identity, Renounce Religion


You were on level 3 of the Dungeon.
You worshipped Hepliaklqana.
Hepliaklqana was noncommittal.
You were not hungry.

You visited 1 branch of the dungeon, and saw 4 of its levels.

You collected 144 gold pieces.
You paid 34 gold pieces to Gozag.

Inventory:

Hand Weapons
 c - a cursed -1 dagger
Armour
 a - a +0 robe (worn)
Jewellery
 d - a +3 ring of intelligence (left hand)
 l - a ring of ice (right hand)
Wands
 f - a wand of iceblast (7/15)
Scrolls
 k - 2 scrolls of remove curse
Potions
 g - 2 potions of haste {unknown}
 h - a potion of mutation {unknown}
 j - a potion of flight {unknown}
Books
 b - a book of Necromancy

   Spells                             Type                      Level
   a - Pain                           Necromancy                   1
   b - Animate Skeleton               Necromancy                   1
   c - Vampiric Draining              Necromancy                   3
   d - Regeneration                   Charms/Necromancy            3
   e - Animate Dead                   Necromancy                   4
   f - Control Undead                 Necromancy                   4
Comestibles
 m - a meat ration


   Skills:
 * Level 2.8 Dodging
 * Level 2.7 Stealth
 * Level 4.1 Spellcasting
 * Level 6.1 Necromancy


You had 9 spell levels left.
You knew the following spells:

 Your Spells              Type           Power        Failure   Level  Hunger
a - Pain                  Necr           ####         1%          1    None
b - Animate Skeleton      Necr           N/A          1%          1    None


Dungeon Overview and Level Annotations

Branches:
Dungeon (4/15)
 Temple: D:4-7

Altars:
Gozag
Hepliaklqana

Shops:
D:2 *

Annotations:
D:3 Natasha


Message History

Vusi hits the shadow imp but does no damage.
Natasha claws you.
* * * LOW HITPOINT WARNING * * *
The white imp barely misses you.
The shadow imp barely misses Vusi.
You feel better. The orc closely misses you.
Natasha casts a spell.
Vusi hits the shadow imp.
The orc hits you with a mace.
* * * LOW HITPOINT WARNING * * *
The white imp hits you but does no damage.
The shadow imp hits Vusi but does no damage.
The orc hits you with a hand axe of flaming.
* * * LOW HITPOINT WARNING * * *
The orc burns you.
* * * LOW HITPOINT WARNING * * *
It was a potion of degeneration.
There was something very wrong with that liquid.
You feel weakened.
You feel dopey.
You feel clumsy.
Natasha mewls in sadness.
Natasha claws you.
You die...

.# .### $.. ..##
...## #....###
.#######....(..
.....#o@....#
.....55ho$..##
.......o.....###
.......R......!.
......)5......##
...$...........#
...(.......†.#..
............##
.....#..>....#


You could see the friendly Vusi the ancestor, Natasha, a crimson imp, a white
imp, a shadow imp and 3 orcs.

Vanquished Creatures
  Terence (D:2)
  An adder (D:2)
  2 dart slugs
  2 leopard geckos
  2 orcs (D:3)
  3 giant cockroaches (D:1)
  6 goblins
  4 hobgoblins
  A ball python (D:1)
  6 bats
  2 frilled lizards
  4 kobolds
  3 rats
37 creatures vanquished.

Vanquished Creatures (collateral kills)
  An adder (D:2)
  An ooze (D:1)
  A goblin (D:1)
3 creatures vanquished.

Grand Total: 40 creatures vanquished

Notes
Turn   | Place    | Note
-------+----------+-------------------------------------------
     0 | D:1      | theemperora the Deep Elf Necromancer began the quest for the Orb.
     0 | D:1      | Reached XP level 1. HP: 10/10 MP: 6/6
    87 | D:1      | Learned a level 1 spell: Animate Skeleton
   103 | D:1      | Reached skill level 5 in Necromancy
   355 | D:1      | Reached XP level 2. HP: 6/15 MP: 4/8
  1239 | D:2      | Reached XP level 3. HP: 11/19 MP: 2/10
  1492 | D:2      | Noticed Terence
  1530 | D:2      | Killed Terence
  1825 | D:2      | Found Gozag's Platinum Reserve.
  1830 | D:2      | Found an opulent altar of Gozag.
  1874 | D:2      | Became a worshipper of Gozag Ym Sagoz the Greedy
  1970 | D:2      | Found a hazy altar of Hepliaklqana.
  2009 | D:2      | Fell from the grace of Gozag
  2009 | D:2      | Became a worshipper of Hepliaklqana the Forgotten
  2033 | D:2      | Reached skill level 6 in Necromancy
  2033 | D:2      | Reached XP level 4. HP: 16/21 MP: 10/12
  2231 | D:2      | You fall through a shaft for 2 floors!
  2295 | D:3      | Noticed Natasha
  2311 | D:3      | Slain by Natasha

Skill      XL: |  1  2  3 |
---------------+----------+-----
Necromancy     | 5 6 |  6.1
Spellcasting   | 4 |  4.1
Dodging        | |  2.8
Stealth        | |  2.7

Action                   |  1- 3 |  4- 6 || total
-------------------------+-------+-------++-------
Melee: Unarmed           |     6 |       ||     6
 Cast: Pain              |    55 |    15 ||    70
       Animate Skeleton  |    10 |       ||    10
Invok: Potion Petition   |     1 |       ||     1
       Recall Ancestor   |       |     1 ||     1
       Ancestor Identity |       |     1 ||     1
  Use: Potion            |     1 |     3 ||     4
       Scroll            |     4 |     1 ||     5
  Eat: Chunk             |     3 |       ||     3
       Bread ration      |       |     1 ||     1
Armor: Robe              |    10 |     3 ||    13
Dodge: Dodged            |    14 |    16 ||    30
